Map: Ultralove

Players

SebasRamPi - Winner!

  • Race: Zerg Zerg
  • League: Diamond
  • Spawn Location: 7:00

LigerMaNN

  • Race: Zerg Zerg
  • League: Diamond
  • Spawn Location: 1:00

VOD

Have the link to the VOD?

Description

Time

  • Played on: June 28, 2025, 3:34 p.m.
  • Length: 8:08
Show
View Real Time Build Order
Export as new Build Order

SebasRamPi Zerg - Winner!

Build Orders: Pool First 

Get SALT Encoding   

  12  0:02  Drone  
  13  0:08  Drone  
  14  0:14  Extractor  
  14  0:15  Drone  
  15  0:21  Overlord  
  15  0:38  Spawning Pool  
  15  0:40  Drone  
  15  0:44  Drone  
  15  0:48  Drone  
  17  1:09  Hatchery  
  16  1:13  Drone  
  16  1:16  Drone, Extractor  
  17  1:19  Drone  
  18  1:28  Zergling x2  
  19  1:41  Queen  
  19  1:42  Drone  
  22  1:55  Overlord  
  22  2:02  Overlord  
  22  2:15  Zergling x2  
  23  2:27  Zergling x4  
  23  2:28  Lair  
  23  2:29  Queen  
  27  2:50  Drone x3  
  30  2:52  Drone  
  30  2:53  Hatchery  
  30  3:01  Extractor  
  29  3:06  Roach Warren  
  29  3:07  Drone  
  29  3:11  Drone  
  30  3:22  Queen  
  30  3:26  Zergling x2  
  33  3:33  Zergling x4  
  35  3:44  Drone  
  35  3:45  Drone  
  35  3:47  Queen  
  39  3:50  Drone  
  40  4:05  Drone  
  40  4:06  Drone x2  
  40  4:07  Overlord  
  43  4:16  Drone x2  
  45  4:19  Queen  
  47  4:24  Roach  
  47  4:28  Glial Reconstitution  
  49  4:34  Drone x2  
  49  4:35  Drone  
  52  4:40  Roach  
  54  4:49  Drone x2  
  54  4:52  Roach  
  58  4:53  Overlord  
  58  5:09  Overlord x2  
  58  5:22  Roach  
  58  5:23  Roach x3  
  58  5:25  Overlord x2  
  66  5:42  Roach  
  68  5:43  Roach x8  
  84  5:50  Metabolic Boost  
  84  5:51  Extractor  
  84  5:55  Drone  
  84  5:56  Hydralisk Den  
  83  5:59  Drone x3  
  83  6:01  Roach  
  88  6:11  Spine Crawler  
  88  6:15  Roach x4  
  95  6:23  Roach  
  95  6:24  Overlord  
  88  6:58  Hydralisk x3, Roach x3  
  88  6:59  Roach x3  
  102  7:10  Hydralisk  
  102  7:11  Roach x2  
  106  7:17  Overlord  
  106  7:18  Overlord  
  94  7:32  Hydralisk x2  
  94  7:33  Hydralisk, Roach x3  
  100  7:40  Roach x3  
  100  7:41  Roach  
  106  7:50  Zergling x2  
Show
View Real Time Build Order
Export as new Build Order

LigerMaNN Zerg 

Build Orders: Hatch First 

Get SALT Encoding   

  12  0:00  Drone  
  13  0:12  Overlord  
  13  0:16  Drone  
  14  0:32  Drone x2  
  16  0:44  Drone  
  17  0:52  Hatchery  
  17  0:56  Drone  
  17  0:59  Drone  
  18  1:18  Extractor  
  17  1:21  Spawning Pool  
  17  1:35  Drone  
  17  1:37  Drone  
  17  1:39  Overlord  
  19  2:07  Zergling x4  
  19  2:08  Zergling x2  
  22  2:09  Zergling x2  
  23  2:16  Zergling x2  
  24  2:29  Zergling x4  
  26  2:42  Spine Crawler  
  25  2:49  Spine Crawler  
  24  2:51  Drone  
  24  2:52  Drone x4  
  24  2:55  Extractor  
  24  2:56  Queen x2  
  32  3:00  Overlord  
  32  3:25  Drone x5  
  37  3:47  Drone x4  
  41  3:52  Extractor  
  40  4:00  Queen  
  42  4:08  Hatchery  
  42  4:09  Overlord x2  
  41  4:10  Hatchery  
  41  4:16  Overlord  
  40  4:17  Drone x2  
  40  4:19  Drone  
  40  4:21  Drone  
  44  4:29  Lair  
  44  4:40  Evolution Chamber  
  44  4:41  Roach Warren  
  42  4:54  Drone x6  
  48  5:01  Metabolic Boost  
  48  5:05  Zerg Missile Weapons Level 1  
  48  5:07  Drone x2  
  49  5:09  Extractor  
  49  5:11  Extractor  
  48  5:16  Drone x3  
  48  5:18  Drone  
  52  5:21  Overlord  
  53  5:50  Roach x10  
  53  5:53  Roach  
  53  5:56  Glial Reconstitution  
  73  6:02  Drone x3  
  73  6:03  Drone  
  77  6:05  Drone  
  77  6:07  Drone  
  79  6:13  Overlord x2  
  79  6:47  Roach x6  
  76  6:58  Roach  
  76  6:59  Roach x8  
  76  7:09  Roach x2  
  69  7:18  Roach  
  69  7:20  Roach  
  69  7:21  Roach x2  
  57  7:30  Roach x2  
  53  7:48  Drone x5  
Tags
 
Matchup
ZvZ
Race
Zerg
Replay Pack
June 2025
Spawn Locations
Cross Positions
Add a new tag
Caveats
  • Supply blocks, unpowered buildings, or Contaminate may cause inaccurate times.
  • Supply counts are checked every 10 seconds.